 Dungeon Crawl Stone Soup version 0.32-a0-350-g4f4d228785 (webtiles) character file.

Game seed: 9206005717363182572

2632 Pooter the Cleaver (level 9, -4/83 HPs)
             Began as a Minotaur Fighter on Feb 17, 2024.
             Was an Initiate of Beogh.
             Slain by a boulder beetle (12 damage)
             ... on level 7 of the Dungeon.
             The game lasted 00:29:47 (6371 turns).

Pooter the Cleaver (Minotaur Fighter)               Turns: 6371, Time: 00:29:48

Health: -4/83      AC: 17    Str: 31    XL:     9   Next: 35%
Magic:  8/8        EV: 10    Int:  5    God:    Beogh [......]
Gold:   163        SH:  0    Dex: 10    Spells: 8/8 levels left

rFire   . . .        i - +1 morningstar (protect)
rCold   . . .        (no shield)
rNeg    . . .        F - +0 scale mail
rPois   .            (helmet restricted)
rElec   .            (no cloak)
rCorr   .            (no gloves)
SInv    .            (no boots)
Will    .....        f - amulet of faith {!P} Stlth
                     u - +6 ring of strength
HPRegen 0.33/turn    y - +4 ring of protection
MPRegen 0.11/turn

%: faith
@: under a protective aura
A: horns 2, retaliatory headbutt
a: Renounce Religion


You were on level 7 of the Dungeon.
You worshipped Beogh.
Beogh was noncommittal.
You visited 1 branch of the dungeon, and saw 7 of its levels.
You also visited: Ossuary.

You collected 322 gold pieces.
You spent 159 gold pieces at shops.

Inventory:

Hand Weapons
 a - a +1 war axe
 b - a +0 orcbow
   (You bought it in a shop on level 5 of the Dungeon)
 i - a +1 morningstar of protection (weapon)
   (You took it off an orc wizard on level 7 of the Dungeon)
 n - a +0 trident
   (You found it on level 2 of the Dungeon)
Missiles
 g - 2 javelins
 j - 23 poisoned darts (quivered)
 C - a curare-tipped dart
 L - a boomerang
 Q - 43 stones
Armour
 c - a +0 buckler
 F - a +0 scale mail (worn)
Jewellery
 f - an amulet of faith (around neck) {!P}
   (You found it on level 1 of the Dungeon)
 h - a ring of fire
   (You found it on level 1 of the Dungeon)
 u - a +6 ring of strength (left hand)
   (You found it on level 4 of the Dungeon)
 y - a +4 ring of protection (right hand)
   (You found it on level 5 of the Dungeon)
 D - a +4 ring of protection
   (You found it on level 5 of the Dungeon)
 I - a ring of protection from cold
   (You found it on level 5 of the Dungeon)
 W - a ring of wizardry
   (You found it on level 3 of the Dungeon)
Wands
 d - a wand of iceblast (5)
   (You took it off a kobold on level 5 of the Dungeon)
 m - a wand of quicksilver (8)
   (You found it on level 7 of the Dungeon)
 o - a wand of polymorph (9)
   (You found it on level 6 of the Dungeon)
Scrolls
 e - a scroll of vulnerability {!r}
 l - a scroll of revelation
 r - a scroll of poison {!r}
 s - a scroll of fear
 z - a scroll of immolation {!r}
Potions
 k - 9 potions of curing {@q1}
 p - a potion of brilliance {unknown}
 q - a potion of haste {unknown}
 t - 2 potions of heal wounds {@q2}
 v - a potion of degeneration {unknown}
 w - 3 potions of mutation {!q}
 x - a potion of enlightenment {unknown}
 B - a potion of might
 G - 2 potions of berserk rage {unknown}
 H - a potion of magic {unknown}
 K - a potion of resistance {unknown}


   Skills:
 + Level 9.0 Fighting
 * Level 11.7 Axes
 * Level 5.1 Ranged Weapons
 - Level 3.6 Armour
 - Level 3.6 Shields


You had 8 spell levels left.
You didn't know any spells.
Your spell library was empty.

Dungeon Overview and Level Annotations

Branches:
Dungeon (7/15) Zot: 26656  Temple (0/1) D:7         Ossuary (visited)

Altars:
Cheibriados
Elyvilon
Fedhas
Nemelex Xobeh
Okawaru
Uskayaw
Zin
The Shining One

Shops:
D:5 *

Annotations:
D:7 Menkaure


Innate Abilities, Weirdness & Mutations

You have a pair of horns on your head.
You reflexively headbutt those who attack you in melee.


Message History

The bolt of dispelling energy hits the boulder beetle but does no damage.
You hit the boulder beetle but do no damage.
The boulder beetle hits you!!
The boulder beetle stops rolling and uncurls.
You completely miss the boulder beetle. The boulder beetle bites you.
You hit the boulder beetle but do no damage.
The boulder beetle barely misses you.
The orc wizard casts a spell.
The orc wizard flickers and vanishes!
Deactivating autopickup; reactivate with Ctrl-A.
You hit the boulder beetle. The boulder beetle bites you!
You slash the boulder beetle!
You headbutt the boulder beetle, but do no damage.
The boulder beetle barely misses you.
You hit the boulder beetle. The boulder beetle bites you!
* * * LOW HITPOINT WARNING * * *
You hit the boulder beetle but do no damage.
The boulder beetle barely misses you.
You hit the boulder beetle but do no damage.
The boulder beetle leaps!
Aiming: Quicksilver Bolt
Press: ? - help, Shift-Dir - straight line, f/p - boulder beetle
Aim: a boulder beetle (heavily wounded, 100% to hit)
The bolt of dispelling energy hits something!
Beogh accepts your kill.
Reactivating autopickup.
You feel a bit more experienced.
The bolt of dispelling energy hits the boulder beetle but does no damage.
The boulder beetle curls into a ball and begins rolling!
Things that are here:
a +1 morningstar of protection; a +0 robe Your +1 morningstar of protection hums with potential!
i - a +1 morningstar of protection (weapon)
You hit the boulder beetle.
Your weapon exudes an aura of protection.
You headbutt the boulder beetle, but do no damage.
The boulder beetle hits you!
* * * LOW HITPOINT WARNING * * *
The boulder beetle stops rolling and uncurls.
You hit the boulder beetle. The boulder beetle bites you!
* * * LOW HITPOINT WARNING * * *
You hit the boulder beetle but do no damage.
You headbutt the boulder beetle.
The boulder beetle bites you but does no damage.
Unknown command.
You hit the boulder beetle but do no damage.
The boulder beetle bites you!
* * * LOW HITPOINT WARNING * * *
The boulder beetle bites you!
You die...

........##.#.......
........##.#.######
##########.#.# #
#.#.# # #.#.# #
#.#.# # #.#.# #
#########
#.#.######
#..@B...#
#.#......'
#.#####.#
#.######## #.# #.#
#.# # #.#.#.#.###.#
# #...........# #
#######'##### #
..o. # #.... #
#....


You could see a boulder beetle.

Vanquished Creatures
  A water moccasin (D:3)
  2 sky beasts
  2 ogres (D:6)
  An ice beast (D:5)
  2 black bears
  A kobold brigand (D:5)
  A phantom (D:4)
  A weeping skull (Ossuary)
  A scorpion (D:3)
  8 water moccasin zombies (Ossuary)
  4 bombardier beetles
  8 hounds
  2 jellies (D:5)
  A spectral scorpion (Ossuary)
  An orc priest (D:3)
  5 iguanas
  A sleepcap (D:5)
  6 orc wizards
  2 crocodile zombies (Ossuary)
  2 mummies (Ossuary)
  8 adders
  5 gnolls
  A white imp (D:7)
  4 adder zombies (Ossuary)
  3 dart slugs
  2 ribbon worms
  16 orcs
  3 ball pythons
  7 bats
  2 endoplasms (D:3)
  2 giant cockroaches
  4 goblins
  7 hobgoblins
  9 kobolds
  5 quokkas
  4 frilled lizards
  11 gnoll zombies (Ossuary)
  3 jackal zombies (Ossuary)
  2 orc zombies (Ossuary)
  6 rats
156 creatures vanquished.

Vanquished Creatures (others)
  An orc priest (D:6)
  An orc (D:6)
  A ball python (D:6)
3 creatures vanquished.

Grand Total: 159 creatures vanquished

Notes
Turn   | Place    | Note
-------+----------+-------------------------------------------
     0 | D:1      | Pooter the Minotaur Fighter began the quest for the Orb.
     0 | D:1      | Reached XP level 1. HP: 19/19 MP: 0/0
    36 | D:1      | Reached skill level 3 in Axes
    36 | D:1      | Reached XP level 2. HP: 27/27 MP: 1/1
   210 | D:1      | Reached XP level 3. HP: 33/33 MP: 2/2
   396 | D:1      | Reached skill level 4 in Axes
   685 | D:2      | Found a hide-covered altar of Uskayaw.
  1110 | D:2      | Reached XP level 4. HP: 41/41 MP: 3/3
  1199 | D:3      | Noticed a water moccasin
  1204 | D:3      | Killed a water moccasin
  1205 | D:3      | Reached skill level 5 in Fighting
  1205 | D:3      | Reached skill level 5 in Axes
  1205 | D:3      | Reached XP level 5. HP: 21/48 MP: 4/4
  1297 | D:3      | Reached skill level 6 in Axes
  1442 | D:3      | Reached XP level 6. HP: 40/56 MP: 5/5
  1717 | D:3      | Found a sparkling altar of Nemelex Xobeh.
  1730 | D:3      | Reached skill level 7 in Axes
  2121 | D:4      | Reached XP level 7. HP: 61/64 MP: 6/6
  2294 | D:4      | Reached skill level 8 in Axes
  2953 | D:5      | Entered Level 5 of the Dungeon
  3390 | D:5      | Reached skill level 9 in Axes
  3468 | D:5      | Reached XP level 8. HP: 44/73 MP: 7/7
  3801 | D:5      | Reached skill level 10 in Axes
  4091 | D:5      | Found Jegaorid's General Store.
  4131 | D:5      | Bought a potion of invisibility for 88 gold pieces
  4131 | D:5      | Bought a +0 orcbow for 38 gold pieces
  4131 | D:5      | Bought a potion of curing for 33 gold pieces
  4169 | D:5      | Found a snail-covered altar of Cheibriados.
  4174 | D:5      | Reached skill level 1 in Ranged Weapons
  4561 | D:6      | Found a glowing silver altar of Zin.
  4561 | D:6      | Found a glowing golden altar of the Shining One.
  4561 | D:6      | Found a white marble altar of Elyvilon.
  4581 | D:6      | Found a sand-covered staircase.
  4590 | Ossuary  | Entered an ossuary
  4640 | Ossuary  | Reached skill level 11 in Axes
  4661 | Ossuary  | Reached XP level 9. HP: 63/82 MP: 8/8
  4961 | D:6      | Found a blossoming altar of Fedhas.
  4964 | D:6      | Found an iron altar of Okawaru.
  5084 | D:6      | HP: 2/82 [electric eel/bolt of electricity (7)]
  5823 | D:6      | Became a worshipper of Beogh the Shepherd
  6127 | D:7      | Found a staircase to the Ecumenical Temple.
  6147 | D:7      | Reached skill level 5 in Ranged Weapons
  6343 | D:7      | Noticed a boulder beetle
  6345 | D:7      | Noticed Menkaure
  6371 | D:7      | Slain by a boulder beetle

Illustrated notes

Levels and vault maps discovered:
D:1:      scummos_arrival_simple_fountains, layout_loops_ring
D:2:      layout_basic, basic_altar
D:3:      layout_basic, mainiacjoe_overflow_cross_hatched, item_on_display_a
D:4:      nicolae_BIG_FREAKIN_CUBE, layout_loops_ring, dreamdust_gnoll_farm
D:5:      layout_cave_pods, chei_slow_surprise, serial_shops,
          nicolae_shop_tiny_waterfront, minmay_fractal_squares_5
D:6:      layout_basic, good_gods_mini_temple, gammafunk_temple_overflow_pools,
          nicolae_ossuary_entry_monument, serial_bayou_lake_a
D:7:      minmay_blocky_corners, layout_basic, minmay_temple_entry_tees,
          gammafunk_ghost_necromancy, uniq_menkaure

Skill      XL: |  1  2  3  4  5  6  7  8  9 |
---------------+----------------------------+-----
Axes           | 3 4 5 6 7 9 11 | 11.7
Fighting       | 4 5 6 7 8 9 |  9.0
Ranged Weapons | 3 5 |  5.1
Armour         | |  3.6
Shields        | |  3.6

Action                     |  1- 3 |  4- 6 |  7- 9 || total
---------------------------+-------+-------+-------++-------
  Melee: War axe           |    71 |    89 |   238 ||   398
         Headbutt          |     7 |    16 |    43 ||    66
         Morningstar       |       |       |     4 ||     4
   Fire: Orcbow            |       |       |    12 ||    12
  Throw: Dart              |       |       |    12 ||    12
 Invoke: Convert to Beogh  |       |       |     1 ||     1
  Evoke: Wand              |       |       |     6 ||     6
    Use: Scroll            |     1 |     3 |    13 ||    17
         Potion            |       |       |     1 ||     1
 Armour: Scale mail        |    36 |    50 |   186 ||   272
  Dodge: Dodged            |    32 |    29 |   104 ||   165
  Block: Buckler           |    12 |    19 |    12 ||    43

Table legend: (Time is in decaauts)
 A = Elapsed time spent in this place.
 B = Non-inter-level travel time spent in this place.
 C = Inter-level travel time spent in this place.
 D = Time resting spent in this place.
 E = Time spent auto-exploring this place.
 F = Levels seen in this place.
 G = Mean time per level.
                   A        B        C        D        E       F      G
               +--------+--------+--------+--------+--------+-----+--------+
         Total |   6418 |   6210 |    208 |   1418 |   3332 |   8 |  802.2 |
       Dungeon |   6114 |   5906 |    208 |   1303 |   3316 |   7 |  873.4 |
       Ossuary |    304 |    304 |      0 |    115 |     16 |   1 |  304.0 |
               +--------+--------+--------+--------+--------+-----+--------+

Top non-repeatable levels by time:
     D:5: 1605 daAuts
     D:6: 1165 daAuts
     D:3: 954 daAuts
     D:4: 825 daAuts
     D:1: 706 daAuts
     D:2: 514 daAuts
     D:7: 342 daAuts
 Ossuary: 304 daAuts
